 Dungeon Crawl Stone Soup version 0.20-a0-1127-g1289703 (webtiles) character file.

916 ArtsTyrian the Covert (level 8, -8/76 HPs)
             Began as an Octopode Wanderer on May 18, 2017.
             Mangled by Edmund
             ... wielding a +2 dire flail of protection
              (15 damage)
             ... on level 5 of the Dungeon.
             The game lasted 00:25:05 (4797 turns).

ArtsTyrian the Covert (Octopode Wanderer)           Turns: 4797, Time: 00:25:05

Health: -8/76      AC:  3    Str: 16 (18) XL:     8   Next: 9%
Magic:  8/8        EV: 15    Int: 15 (17) God:
Gold:   241        SH:  0    Dex: 16 (17) Spells: 7/7 levels left

rFire    . . .     SeeInvis .   h - +0 falchion (vamp)
rCold    . . .     Gourm    .   (no shield)
rNeg     . . .     Faith    .   (helmet restricted)
rPois    +         Spirit   .   (no amulet)
rElec    .         Reflect  .   e - +4 ring of dexterity
rCorr    .         Harm     .   j - ring of poison resistance
MR       .....                  (no ring)
Stlth    ..........             (no ring)
Regen    0.3/turn               (no ring)
MPRegen  0.2/turn               (no ring)
                                (no ring)
                                (no ring)

@: berserking, flying, very quick
A: almost no armour, stealthy swim, amphibious, 8 rings, constrict 8, icy blue
scales 1, camouflage 1, deterioration 1, strong 2, gelatinous body 1
a: no special abilities


You were on level 5 of the Dungeon.
You were not hungry.

You visited 1 branch of the dungeon, and saw 5 of its levels.

You collected 241 gold pieces.

Inventory:

Hand Weapons
 a - a +2 mace
 b - a +0 spear
 d - a +0 dagger
 h - a +0 vampiric falchion (weapon)
 k - a +1 short sword of venom
 n - a +2 mace of crushing
Missiles
 q - 6 javelins (quivered)
Jewellery
 e - a +4 ring of dexterity (left tentacle)
 j - a ring of poison resistance (right tentacle)
Wands
 u - a wand of polymorph (14/24)
Scrolls
 g - 2 scrolls of teleportation
 m - a scroll of remove curse
 o - 3 scrolls of identify
 t - a scroll of blinking {unknown}
 w - 2 scrolls of magic mapping {unknown}
Potions
 c - 2 potions of curing
 l - a potion of cancellation
 x - a potion of heal wounds {unknown}
 z - a potion of haste {unknown}
Comestibles
 f - 4 bread rations


   Skills:
 + Level 2.3 Fighting
 - Level 1.0(1.3) Short Blades
 * Level 1.3(1.5) Long Blades
 - Level 5.3 Maces & Flails
 - Level 2.0 Polearms
 + Level 0.6 Throwing
 * Level 3.9 Dodging
 * Level 8.6 Stealth
 + Level 1.1 Evocations


You had 7 spell levels left.
You didn't know any spells.

Dungeon Overview and Level Annotations

Branches:
Dungeon (5/15)
 Temple: D:4-7

Altars:
Elyvilon

Annotations:
D:5 Edmund


Innate Abilities, Weirdness & Mutations

You cannot wear most types of armour.
You are very stealthy in the water. (Stealth+)
You are amphibious.
You can wear up to eight rings at the same time.
You can use your tentacles to constrict eight enemies at once.
Your skin changes colour to match your surroundings (Stealth+).
Your rubbery body absorbs attacks. (AC +1, EV +1)
You are partially covered in icy blue scales. (AC +2)
Your body sometimes deteriorates upon taking damage.
Your muscles are very strong. (Str +4)


Message History

It was a potion of degeneration.
There was something very wrong with that liquid.
You feel weakened.
You feel dopey.
You feel clumsy.
You constrict Edmund, but do no damage. Edmund closely misses you.
It was a potion of mutation.
You feel extremely strange.
You feel stronger. x2; You feel yourself wasting away.
Icy blue scales grow over part of your body.
You constrict Edmund, but do no damage. Edmund hits you but does no damage.
It was a potion of berserk rage.
A red film seems to cover your vision as you go berserk!
You feel yourself moving faster!
You feel mighty!
You constrict Edmund. Edmund misses you.
You riposte.
You hit Edmund but do no damage. You squeeze Edmund!
Edmund is moderately wounded.
You are too berserk!
You hit Edmund.
You feel better.
Edmund is heavily wounded.
You constrict Edmund.
Edmund hits you with a dire flail of protection!
You die...

#....##..#
#....###.##########
..#
#>...#..>#........#
#.#
####.#.###...^..!.#
#.# #.#.#
#........# #.#
#.#.# #.....$..#
#.# ####.#.#
#........# #.#
#....#.#####'######
#.#
#.####....@@.†....#
###.# #.#
############.#
....###.# ###.....#
#######


You could see Edmund.

Vanquished Creatures
  2 phantoms (D:4)
  2 ogres
  A centaur (D:5)
  A bullfrog (D:5)
  A scorpion (D:4)
  A howler monkey (D:5)
  2 centaur skeletons (D:4)
  An orc priest (D:3)
  A hound (D:5)
  Jessica (D:3)
  A worker ant (D:4)
  7 adders
  An ooze (D:2)
  3 worms
  2 dart slugs
  3 leopard geckos
  8 orcs
  3 giant cockroaches
  8 goblins
  10 hobgoblins
  4 jackals (D:4)
  A quokka (D:3)
  6 bats
  19 frilled lizards
  9 kobolds
  A quokka skeleton (D:4)
  7 rats
  A plant (D:1)
107 creatures vanquished.

Notes
Turn   | Place    | Note
-------+----------+-------------------------------------------
     0 | D:1      | ArtsTyrian the Octopode Wanderer began the quest for the Orb.
     0 | D:1      | ArtsTyrian set off with: a +2 mace, a +0 spear, a potion of curing, a +0 dagger, a bread ration
     0 | D:1      | Reached XP level 1. HP: 13/13 MP: 1/1
   248 | D:1      | Reached XP level 2. HP: 18/18 MP: 2/2
   584 | D:1      | Reached skill level 5 in Stealth
   621 | D:1      | Reached XP level 3. HP: 19/23 MP: 3/3
  1499 | D:2      | Reached XP level 4. HP: 28/28 MP: 4/4
  1508 | D:2      | Reached skill level 1 in Short Blades
  1702 | D:3      | Noticed Jessica
  1704 | D:3      | Killed Jessica
  1704 | D:3      | Reached skill level 6 in Stealth
  1732 | D:3      | Reached XP level 5. HP: 19/33 MP: 5/5
  2956 | D:4      | Noticed a phantom
  2992 | D:4      | Killed a phantom
  2992 | D:4      | Reached skill level 7 in Stealth
  2992 | D:4      | Reached XP level 6. HP: 5/38 MP: 6/6
  3489 | D:4      | Found a white marble altar of Elyvilon.
  3606 | D:4      | Noticed a phantom
  3655 | D:4      | Killed a phantom
  3655 | D:4      | Reached XP level 7. HP: 19/44 MP: 7/7
  4112 | D:4      | Reached skill level 5 in Maces & Flails
  4380 | D:5      | Entered Level 5 of the Dungeon
  4430 | D:5      | Reached skill level 8 in Stealth
  4641 | D:5      | Reached XP level 8. HP: 37/51 MP: 8/8
  4763 | D:5      | Reached skill level 1 in Long Blades
  4766 | D:5      | Noticed Edmund
  4795 | D:5      | Gained mutation: Your muscles are strong. (Str +2) [potion of mutation]
  4795 | D:5      | Gained mutation: Your muscles are very strong. (Str +4) [potion of mutation]
  4795 | D:5      | Gained mutation: Your body sometimes deteriorates upon taking damage. [potion of mutation]
  4795 | D:5      | Gained mutation: You are partially covered in icy blue scales. (AC +2) [potion of mutation]
  4797 | D:5      | Mangled by Edmund

Vault maps used:
D:1:      dpeg_arrival_boxorama, serial_forest, infiniplex_forest_corner_2,
          infiniplex_forest_corner_2, infiniplex_forest_end_1,
          infiniplex_forest_clump_double, infiniplex_forest_corner_2,
          infiniplex_forest_clump_double, infiniplex_forest_straight_3
D:2:      first_bread, corexii_corridor_pit, minmay_lizard_pond
D:3:      minivault_26, uniq_jessica
D:4:      elyvilon_altar_4
D:5:      cheibrodos_quashed, solitary_fountain, nicolae_tso_carved_into_rock,
          uniq_edmund

Skill      XL: |  1  2  3  4  5  6  7  8 |
---------------+-------------------------+-----
Stealth        | 5 6 7 8 |  8.6
Short Blades   | 1 |  1.0
Dodging        | 2 3 |  3.9
Maces & Flails | 3 4 5 |  5.3
Fighting       | 2 |  2.3
Long Blades    | 1 |  1.3
Polearms       | |  2.0
Throwing       | |  0.6
Evocations     | |  1.1

Action                   |  1- 3 |  4- 6 |  7- 9 || total
-------------------------+-------+-------+-------++-------
Melee: Mace              |    52 |   102 |    24 ||   178
       Constrict         |    20 |    27 |     7 ||    54
       Tentacles         |     7 |    18 |    13 ||    38
       Short sword       |    44 |    10 |       ||    54
       Falchion          |       |       |    27 ||    27
Throw: Javelin           |       |     7 |       ||     7
  Use: Scroll            |       |     8 |       ||     8
       Potion            |       |     1 |     5 ||     6
 Stab: Sleeping          |    13 |     9 |     7 ||    29
  Eat: Chunk             |     1 |     2 |       ||     3
       Meat ration       |     1 |       |       ||     1
       Royal jelly       |       |     2 |     3 ||     5
Armor: Skin              |     1 |     4 |     3 ||     8
Dodge: Dodged            |    33 |    58 |    35 ||   126
       Rpst.: Falchion   |       |       |     5 ||     5
